 Dungeon Sprint DCSS version 0.26-a0-663-g36e8fdb655 (webtiles) character file.

Game seed: 15027790645330898028

6482 Conn the Thaumaturge (level 11, -5/74 HPs)
             Began as an Octopode Hedge Wizard on Oct 10, 2020.
             Was a High Priest of Sif Muna.
             Splashed by a jelly's acid (11 damage)
             ... while paralysed by a floating eye
             ... in the Dungeon (Sprint V: "Ziggurat Sprint").
             The game lasted 00:22:44 (1389 turns).

Conn the Thaumaturge (Octopode Hedge Wizard)        Turns: 1389, Time: 00:22:48

Health: -5/74      AC: -3    Str: 21    XL:     11   Next: 0%
Magic:  16/28      EV:  2    Int: 32    God:    Sif Muna [*****.]
Gold:   0          SH:  0    Dex: 21    Spells: 3/37 levels left

rFire    . . .     SeeInvis .   a - +9 dagger of Makhleb's Reproof {flame, +Rage}
rCold    . . .     Faith    .   F - +18 shield of the Gong {rElec rN+ MR+ EV-5}
rNeg     + . .     Spirit   .   S - +0 hat
rPois    +         Reflect  .   (no amulet)
rElec    +         Harm     .   R - +4 ring of slaying
rCorr    .         Rampage  .   A - +6 ring of intelligence
MR       +....     NoTele   +   B - +6 ring of intelligence
Stlth    ++++++....             C - +6 ring of strength
HPRegen  0.22/turn              N - ring of wizardry
MPRegen  0.21/turn              D - +6 ring of strength
                                z - +6 ring of dexterity
                                j - ring "Ynyuqar" {Wiz rPois Dex+3}

@: paralysed, corroded
A: almost no armour, stealthy swim, amphibious, 8 rings, constrict 8, camouflage
1, blurry vision 1, gelatinous body 1
a: Channel Magic, Forget Spell, Divine Exegesis, Renounce Religion, Evoke
Berserk Rage


You were in the Dungeon.
You worshipped Sif Muna.
Sif Muna was extremely pleased with you.
You visited 1 branch

Inventory:

Hand Weapons
 a - the +9 dagger of Makhleb's Reproof (weapon) {flame, +Rage}
   (You found it in the Dungeon)

   It has been specially enchanted to burn those struck by it, causing extra
   injury to most foes and up to half again as much damage against particularly
   susceptible opponents.
   It lets you go berserk.
 q - the +4 halberd of Midsummer {protect, rPois rC+ rN+}
   (You found it in the Dungeon)

   It grants its wielder temporary protection when it strikes (+7 to AC).
   It protects you from cold.
   It protects you from poison.
   It protects you from negative energy.
 E - a +0 dagger
 G - the +7 great mace "Firestarter" {inner flame, rF++}
   (You found it in the Dungeon)

   It has been specially enchanted to burn those struck by it, causing extra
   injury to most foes and up to half again as much damage against particularly
   susceptible opponents.
   It greatly protects you from fire.
 H - the +8 lance "Wyrmbane" {slay drac, rPois rF+ rC+ AC+3}
   (You found it in the Dungeon)

   It affects your AC (+3).
   It protects you from fire.
   It protects you from cold.
   It protects you from poison.
 I - the +8 storm bow {elec, penet}
   (You found it in the Dungeon)

   It charges the ammunition it shoots with electricity; occasionally upon a
   hit, such missiles may discharge and cause terrible harm.
   Ammo fired by it will pass through the targets it hits, potentially hitting
   all targets in its path until it reaches maximum range.
Missiles
 U - 4 throwing nets (quivered)
Armour
 F - the +18 shield of the Gong (worn) {rElec rN+ MR+ EV-5}
   (You found it in the Dungeon)

   It affects your evasion (-5).
   It insulates you from electricity.
   It protects you from negative energy.
   It affects your resistance to hostile enchantments.
 J - a +3 buckler
 S - a +0 hat (worn)
Magical Staves
 b - an uncursed staff of conjuration
 M - an uncursed staff of fire
Jewellery
 j - the ring "Ynyuqar" (on tentacle) {Wiz rPois Dex+3}
   (You found it in the Dungeon)

   [ring of wizardry]

   It improves your spell success rate.
   It affects your dexterity (+3).
   It protects you from poison.
 x - an uncursed ring of flight
 y - a +6 ring of dexterity
 z - a +6 ring of dexterity (on tentacle)
 A - a +6 ring of intelligence (right tentacle)
 B - a +6 ring of intelligence (on tentacle)
 C - a +6 ring of strength (on tentacle)
 D - a +6 ring of strength (on tentacle)
 N - a ring of wizardry (on tentacle)
 O - the amulet of Elyvilon's Delight {Acrobat rElec rF- Int-4 Slay+6}
   (You found it in the Dungeon)

   [amulet of the acrobat]

   It helps you evade while moving and waiting.
   It affects your intelligence (-4).
   It affects your accuracy and damage with ranged weapons and melee attacks
   (+6).
   It makes you vulnerable to fire.
   It insulates you from electricity.
 Q - a +4 ring of slaying
 R - a +4 ring of slaying (left tentacle)
 T - an uncursed ring of fire
Wands
 u - a wand of disintegration (7)
 v - a wand of iceblast (4)
 w - a wand of acid (4)
Scrolls
 i - 4 scrolls of blinking
 o - 4 scrolls of amnesia
 p - 7 scrolls of fog
 r - 5 scrolls of identify
 s - 5 scrolls of remove curse
 t - 2 scrolls of fear
Potions
 c - 2 potions of brilliance
 d - 10 potions of curing
 e - 9 potions of heal wounds
 f - 8 potions of haste
 g - 7 potions of magic
 h - 2 potions of berserk rage
 k - 4 potions of resistance
 l - a potion of experience
 m - 5 potions of stabbing
 n - 5 potions of might
Miscellaneous
 K - a lightning rod (4/4)
 L - a phantom mirror
 P - a lightning rod (4/4)


   Skills:
 * Level 6.8 Fighting
 + Level 3.0 Short Blades
 + Level 1.7 Staves
 + Level 7.1 Dodging
 - Level 10.4 Stealth
 * Level 6.7 Shields
 + Level 13.7 Spellcasting
 * Level 6.8 Conjurations
 + Level 2.1 Hexes
 + Level 4.3 Summonings
 + Level 6.3 Translocations
 * Level 6.8 Fire Magic
 + Level 6.0 Air Magic
 + Level 2.8 Poison Magic
 * Level 6.3 Invocations
 + Level 4.2 Evocations


You had 3 spell levels left.
You knew the following spells:

 Your Spells              Type           Power        Failure   Level
a - Magic Dart            Conj           ####         1%          1
b - Blink                 Tloc           N/A          1%          2
c - Call Imp              Summ           #####...     1%          2
d - Conjure Flame         Conj/Fire      ######..     1%          3
e - Mephitic Cloud        Conj/Pois/Air  ######..     1%          3
f - Call Canine Familiar  Summ           #####...     1%          3
g - Summon Guardian Gole  Hex/Summ       #####...     1%          3
h - Swiftness             Air            ######..     1%          2
i - Airstrike             Air            ######....   1%          4
j - Summon Lightning Spi  Summ/Air       ######..     1%          4
k - Ignite Poison         Fire/Tmut/Pois #####...     1%          3
l - Summon Ice Beast      Ice/Summ       #####...     7%          4

Your spell library contained the following spells:

 Spells                   Type           Power        Failure   Level
 Corona                   Hex            #####..      1%          1
 Summon Small Mammal      Summ           ####         1%          1
 Corpse Rot               Necr/Air       N/A          1%          2
 Poisonous Vapours        Pois/Air       ######       1%          2
 Slow                     Hex            #####...     1%          2
 Inner Flame              Hex/Fire       ######..     1%          3
 Portal Projectile        Hex/Tloc       #####.       1%          3
 Static Discharge         Conj/Air       ######..     1%          3
 Confusing Touch          Hex            #####...     2%          3
 Spider Form              Tmut/Pois      ####......   2%          3
 Fulminant Prism          Conj/Hex       ######....   2%          4
 Olgreb's Toxic Radiance  Pois           #####...     5%          4
 Conjure Ball Lightning   Conj/Air       ######....   17%         6
 Alistair's Intoxication  Tmut/Pois      ####.....    24%         5
 Invisibility             Hex            #####...     65%         6
 Eringya's Noxious Bog    Tmut/Pois      ####......   75%         6
 Death Channel            Necr           ###.......   89%         6
 Chain Lightning          Conj/Air       ######....   99%         8
 Tornado                  Air            ######....   100%        9


Dungeon Overview and Level Annotations

Branches:
Dungeon (1/1)

Altars:
Ashenzari
Cheibriados
Dithmenos
Elyvilon
Fedhas
Gozag
Hepliaklqana
Kikubaaqudgha
Makhleb
Nemelex Xobeh
Okawaru
Qazlal
Ru
Sif Muna
Trog
Uskayaw
Vehumet
Wu Jian
Xom
Yredelemnul
Zin
The Shining One
Beogh
Jiyva
Lugonu

Annotations:
D 1 transporter


Innate Abilities, Weirdness & Mutations

You cannot wear most types of armour.
You are very stealthy in the water. (Stealth+)
You are amphibious.
You can wear up to eight rings at the same time.
You can use your tentacles to constrict eight enemies at once.
Your skin changes colour to match your surroundings (Stealth+).
Your rubbery body absorbs attacks. (AC +1, EV +1)
Scrolls take you a little longer to read.


Message History

The jelly hits you. The acid corrodes you!
You are splashed with acid!
The floating eye is engulfed in blazing flames.
You kill the floating eye!
Sif Muna accepts your kill.
Your Short Blades skill increases to level 3!
You have reached level 11!
The eye of draining gazes at you.
You feel your power leaking away.
The slime creature is engulfed in blazing flames.
The shining eye is engulfed in blazing flames.
The jelly hits you.
You are splashed with acid!
The slime creature hits you! The jelly hits you.
You are splashed with acid!
The shining eye is engulfed in blazing flames.
The slime creature hits you!!
* * * LOW HITPOINT WARNING * * *
The floating eye seems to glare at you. The jelly hits you.
* * * LOW HITPOINT WARNING * * *
You are splashed with acid!
You die...

▓...©§...▓...©....▓
▓▓▓▓▓▓▓▓▓▓▓▓▓▓▓▓▓▓▓
▓...8©8...▓..8©8..▓
▓..|[)=...▓..|=}..▓
▓..°○○)...▓..[|...▓
▓..○☼°....▓....)..▓
▓..G○G....▓.÷.....▓
▓..JJ.....▓.(.....▓
▓..@G.....▓...)...▓
▓.▓.....▓.▓.......▓
▓....©....▓...©...▓
▓▓▓▓▓▓▓▓▓▓▓▓▓▓▓▓▓▓▓
▓..8©8..▓ ▓...=)..▓
▓...)...▓ ▓...)...▓
▓.......▓


You could see a slime creature, a shining eye, an eye of draining, a jelly and a
floating eye (charged).

Vanquished Creatures
  A vault warden (D)
  An ironheart preserver (D)
  A stone giant (D)
  A vault guard (D)
  A deep elf archer (D)
  An ugly thing (D)
  5 merfolk (D)
  A jumping spider (shapeshifter) (D)
  A slime creature (D)
  A water moccasin (shapeshifter) (D)
  A hell hound (D)
  2 floating eyes (D)
  A sky beast (shapeshifter) (D)
  A phantom (D)
  A necrophage (D)
  A centaur (D)
  A big kobold (shapeshifter) (D)
  A scorpion (shapeshifter) (D)
  A white imp (D)
  An ufetubus (D)
  A bat skeleton (D)
  A leopard gecko skeleton (D)
27 creatures vanquished.

Vanquished Creatures (collateral kills)
  A hell hound (D)
  2 necrophages (D)
  A bat skeleton (D)
  A giant cockroach zombie (D)
5 creatures vanquished.

Grand Total: 32 creatures vanquished

Notes
Turn   | Place    | Note
-------+----------+-------------------------------------------
     0 | D        | Conn the Octopode Hedge Wizard began the quest for the Orb.
     0 | D        | Reached XP level 1. HP: 11/11 MP: 4/4
     0 | D        | Found a shimmering blue altar of Sif Muna.
     0 | D        | Found a sacrificial altar of Ru.
     0 | D        | Found a bloodstained altar of Trog.
     0 | D        | Found a stormy altar of Qazlal.
     0 | D        | Found an iron altar of Okawaru.
     0 | D        | Found a sparkling altar of Nemelex Xobeh.
     0 | D        | Found a blossoming altar of Fedhas.
     1 | D        | Found the +6 Majin-Bo {vamp, MP+6 Int+6}
     1 | D        | Found the +9 heavy crossbow "Sniper" {vorpal, Acc+∞ SInv}
     1 | D        | Found the +10 dark maul {vorpal}
     1 | D        | Found the +15 Maxwell's patent armour {-Cast -Tele rElec
                  | MR+ rCorr}
     1 | D        | Found the +18 shield of the Gong {rElec rN+ MR+ EV-5}
     1 | D        | Found the cursed +14 obsidian axe {vorpal, +Fly SInv
                  | *Curse}
     1 | D        | Found the +7 great mace "Firestarter" {inner flame, rF++}
     1 | D        | Found the +6 shillelagh "Devastator" {shatter}
     1 | D        | Found the +11 plutonium sword {*Contam Stlth-}
     1 | D        | Found the +8 lance "Wyrmbane" {slay drac, rPois rF+ rC+
                  | AC+3}
     1 | D        | Found the +9 sword of Zonguldrok {reap}
     1 | D        | Found the cursed +13 scythe of Curses {drain, *Curse}
     1 | D        | Found the +0 sword of Power
     1 | D        | Found the +7 mace of Variability {chain chaos}
     1 | D        | Found the +7 Singing Sword {vorpal, sonic wave}
     1 | D        | Found the +8 storm bow {elec, penet}
     2 | D        | Found a transporter.
     2 | D        | Found an ancient bone altar of Kikubaaqudgha.
     2 | D        | Found a viscous altar of Jiyva.
     2 | D        | Found a corrupted altar of Lugonu.
     2 | D        | Found a hazy altar of Hepliaklqana.
     2 | D        | Found a burning altar of Makhleb.
     2 | D        | Found an opulent altar of Gozag.
    55 | D        | Became a worshipper of Sif Muna the Loreminder
    72 | D        | Entered arena 2.
    72 | D        | Noticed a deep elf archer
    72 | D        | Noticed a slime creature
    72 | D        | Found a transporter.
    77 | D        | Killed a slime creature
    77 | D        | Reached skill level 8 in Spellcasting
    77 | D        | Reached skill level 1 in Evocations
    77 | D        | Reached XP level 2. HP: 17/17 MP: 4/11
    77 | D        | Reached XP level 3. HP: 21/21 MP: 4/12
    77 | D        | Reached XP level 4. HP: 27/27 MP: 4/14
    77 | D        | Reached XP level 5. HP: 31/31 MP: 4/15
    84 | D        | Killed a deep elf archer
    84 | D        | Reached skill level 12 in Spellcasting
    84 | D        | Reached XP level 6. HP: 36/36 MP: 5/21
    84 | D        | Reached XP level 7. HP: 41/41 MP: 5/22
   123 | D        | Learned a level 2 spell: Blink
   126 | D        | Learned a level 2 spell: Call Imp
   130 | D        | Learned a level 3 spell: Conjure Flame
   134 | D        | Learned a level 3 spell: Mephitic Cloud
   177 | D        | Entered arena 3.
   177 | D        | Found a transporter.
   194 | D        | Reached * piety under Sif Muna
   205 | D        | Reached ** piety under Sif Muna
   205 | D        | Reached skill level 1 in Fighting
   205 | D        | Reached skill level 1 in Shields
   205 | D        | Reached skill level 1 in Fire Magic
   205 | D        | Reached skill level 1 in Air Magic
   211 | D        | Got the amulet of Elyvilon's Delight {Acrobat rElec rF-
                  | Int-4 Slay+6}
   532 | D        | Entered arena 4.
   532 | D        | Noticed a red ugly thing
   532 | D        | Found a transporter.
   546 | D        | Reached XP level 8. HP: 46/49 MP: 12/24
   546 | D        | Killed a red ugly thing
   546 | D        | Reached skill level 1 in Short Blades
   546 | D        | Reached skill level 1 in Poison Magic
   554 | D        | Reached *** piety under Sif Muna
   614 | D        | Learned a level 3 spell: Call Canine Familiar
   618 | D        | Learned a level 3 spell: Summon Guardian Golem
   619 | D        | Entered arena 5.
   619 | D        | Found a transporter.
   646 | D        | Got the +9 dagger of Makhleb's Reproof {flame, +Rage}
   682 | D        | Entered arena 6.
   682 | D        | Found a transporter.
   688 | D        | Reached **** piety under Sif Muna
   700 | D        | Reached ***** piety under Sif Muna
   700 | D        | Identified Ushe's Incunabulum of Aerial Malediction (Sif
                  | Muna gifted it to you in the Dungeon)
   700 | D        | Received a gift from Sif Muna
   700 | D        | Reached skill level 13 in Spellcasting
   700 | D        | Reached skill level 1 in Invocations
   700 | D        | Reached XP level 9. HP: 28/58 MP: 2/26
   707 | D        | Got the +4 halberd of Midsummer {protect, rPois rC+ rN+}
   721 | D        | Learned a level 2 spell: Swiftness
   726 | D        | Learned a level 4 spell: Airstrike
   731 | D        | Learned a level 4 spell: Summon Lightning Spire
   861 | D        | Entered arena 7.
   861 | D        | Noticed a vault guard
   861 | D        | Noticed a stone giant
   861 | D        | Noticed a vault warden
   861 | D        | Noticed a jumping spider
   861 | D        | Noticed a polar bear
   861 | D        | Noticed an ironheart preserver
   863 | D        | Found a transporter.
   870 | D        | Noticed a rime drake
   870 | D        | a polar bear changed into a rime drake
   872 | D        | a rime drake changed into a big kobold
   880 | D        | Killed a vault warden
   880 | D        | Reached skill level 5 in Fighting
   880 | D        | Reached skill level 5 in Shields
   880 | D        | Reached skill level 5 in Conjurations
   880 | D        | Reached skill level 1 in Hexes
   880 | D        | Reached skill level 5 in Translocations
   880 | D        | Reached skill level 5 in Fire Magic
   883 | D        | Killed a vault guard
   883 | D        | Reached skill level 1 in Staves
   883 | D        | Reached XP level 10. HP: 66/66 MP: 8/27
   892 | D        | Killed a stone giant
   892 | D        | Reached skill level 5 in Air Magic
   892 | D        | Reached skill level 5 in Invocations
   892 | D        | Killed an ironheart preserver
   895 | D        | Identified Lehamaewe's Almanac of Poison (Sif Muna gifted
                  | it to you in the Dungeon)
   895 | D        | Received a gift from Sif Muna
   911 | D        | Got the ring "Ynyuqar" {Wiz rPois Dex+3}
  1125 | D        | Learned a level 3 spell: Ignite Poison
  1130 | D        | Learned a level 4 spell: Summon Ice Beast
  1245 | D        | Entered arena 8.
  1251 | D        | Found a transporter.
  1255 | D        | Reached skill level 10 in Stealth
  1299 | D        | Got Jeklao's Collected Works on Blistering Flight
  1301 | D        | Got the Papyrus of Execration and Black Arts
  1382 | D        | Entered arena 9.
  1382 | D        | Noticed a shining eye
  1383 | D        | Found the ring of the Octopus King {rF+ AC+1 EV+1 Str+1
                  | Int+1 Dex+1}
  1383 | D        | Found a transporter.
  1384 | D        | Gained mutation: Scrolls take you a little longer to read.
                  | [a shining eye]
  1386 | D        | Paralysed by a floating eye for 4 turns
  1386 | D        | Reached XP level 11. HP: 63/74 MP: 21/28
  1389 | D        | Splashed by a jelly's acid

Illustrated notes

Levels and vault maps discovered:
D:        sprint_v [room_start, room_1, room_2, room_3, room_4, room_5, room_6,
          room_7, room_8, room_9, room_10, room_11, room_12, room_13, room_14,
          room_15, room_16, room_17, room_18, room_19, room_20, room_21,
          room_22, room_23, room_24, room_25, room_26, room_27]

Skill      XL: |  1  2  3  4  5  6  7  8  9 10 |
---------------+-------------------------------+-----
Dodging        | 3 6 7 |  7.1
Stealth        | 4 7 8 10 | 10.4
Spellcasting   | 8 12 13 | 13.7
Evocations     | 1 3 4 |  4.2
Fighting       | 1 3 5 6 |  6.8
Shields        | 1 3 5 6 |  6.7
Fire Magic     | 1 3 5 6 |  6.8
Air Magic      | 1 3 4 6 |  6.0
Conjurations   | 2 3 5 6 |  6.8
Translocations | 2 4 5 6 |  6.3
Short Blades   | 1 2 3 |  3.0
Poison Magic   | 1 2 |  2.8
Summonings     | 2 3 4 |  4.3
Invocations    | 1 4 6 |  6.3
Hexes          | 1 2 |  2.1
Staves         | 1 |  1.7

Action                   |  1- 3 |  4- 6 |  7- 9 | 10-12 || total
-------------------------+-------+-------+-------+-------++-------
Melee: Quick blade       |       |       |    22 |       ||    22
       Tentacles         |       |       |    10 |     2 ||    12
       Constrict         |       |       |     8 |     5 ||    13
       Staff             |       |       |     1 |       ||     1
       Dagger            |       |       |     9 |    24 ||    33
       Lance             |       |       |     1 |       ||     1
 Cast: Magic Dart        |       |       |     8 |       ||     8
       Mephitic Cloud    |       |       |     7 |     4 ||    11
       Call Imp          |       |       |     3 |       ||     3
       Blink             |       |       |     6 |       ||     6
       Call Canine Famil |       |       |     3 |       ||     3
       Summon Guardian G |       |       |     3 |       ||     3
       Airstrike         |       |       |     1 |     1 ||     2
       Summon Lightning  |       |       |     1 |       ||     1
       Ignite Poison     |       |       |       |     1 ||     1
Evoke: Wand              |     2 |     3 |     1 |       ||     6
       Lightning rod     |       |     1 |     4 |       ||     5
       Phantom mirror    |       |       |     2 |       ||     2
  Use: Potion            |     1 |     1 |     4 |       ||     6
       Scroll            |       |       |     1 |       ||     1
 Stab: Confused          |       |       |     7 |     1 ||     8
       Sleeping          |       |       |     1 |       ||     1
       Invisible         |       |       |       |     3 ||     3
Dodge: Dodged            |       |     2 |    19 |     1 ||    22
Block: Kite shield       |       |       |       |    20 ||    20

Table legend: (Time is in decaauts)
 A = Elapsed time spent in this place.
 B = Non-inter-level travel time spent in this place.
 C = Inter-level travel time spent in this place.
 D = Time resting spent in this place.
 E = Time spent auto-exploring this place.
 F = Levels seen in this place.
 G = Mean time per level.
                   A        B        C        D        E       F      G
               +--------+--------+--------+--------+--------+-----+--------+
         Total |   1363 |   1363 |      0 |    907 |      0 |   1 | 1363.0 |
       Dungeon |   1363 |   1363 |      0 |    907 |      0 |   1 | 1363.0 |
               +--------+--------+--------+--------+--------+-----+--------+

Top non-repeatable levels by time:
       D: 1363 daAuts
